 Dungeon Crawl Stone Soup version 0.27.0-1-g7a089689b8 (webtiles) character file.

Game seed: 4419511499409876832

21 SnakkuSnakku7 the Sneak (level 2, -1/17 HPs)
             Began as a Gargoyle Enchanter on Aug 15, 2021.
             Slain by a jackal (3 damage)
             ... on level 1 of the Dungeon.
             The game lasted 00:00:55 (1096 turns).

SnakkuSnakku7 the Sneak (Gargoyle Enchanter)        Turns: 1096, Time: 00:00:56

Health: -1/17      AC:  4    Str: 11    XL:     2   Next: 87%
Magic:  5/5        EV: 11    Int: 15    God:
Gold:   55         SH:  0    Dex: 10    Spells: 4/5 levels left

rFire    . . .     SeeInvis .   f - +0 rapier
rCold    . . .     Faith    .   (no shield)
rNeg     + . .     Spirit   .   b - +0 robe
rPois    ∞         Reflect  .   (no helmet)
rElec    +         Harm     .   (no cloak)
rCorr    .         Rampage  .   (no gloves)
Will     .....                  (no boots)
Stlth    ++........             (no amulet)
HPRegen  0.05/turn              (no ring)
MPRegen  0.09/turn              (no ring)

@: no status effects
A: sickness immunity, AC +2, negative energy resistance 1, electricity
resistance, torment resistance 1, petrification resistance
a: no special abilities


You were on level 1 of the Dungeon.
You visited 1 branch of the dungeon, and saw 2 of its levels.

You collected 55 gold pieces.

Inventory:

Hand Weapons
 a - a +1 dagger
 f - a +0 rapier (weapon)
Missiles
 h - 14 poisoned darts (quivered)
Armour
 b - a +0 robe (worn)
Scrolls
 j - 3 scrolls of amnesia {unknown}
Potions
 c - a potion of resistance {unknown}
 d - a potion of lignification {unknown}
 e - a potion of mutation {unknown}
 g - a potion of haste {unknown}
 i - a potion of berserk rage {unknown}


   Skills:
 + Level 2.1 Fighting
 - Level 0.8 Short Blades
 + Level 1.0 Throwing
 - Level 1.5 Dodging
 - Level 3.2 Stealth
 - Level 2.0 Spellcasting
 - Level 2.6 Hexes


You had 4 spell levels left.
You knew the following spells:

 Your Spells              Type           Power      Damage    Failure   Level
a - Corona                Hex            10%        N/A       8%          1

Your spell library contained the following spells:

 Spells                   Type           Power      Damage    Failure   Level
 Ensorcelled Hibernation  Hex/Ice        10%        N/A       19%         2
 Confusing Touch          Hex            9%         N/A       22%         3
 Tukima's Dance           Hex            9%         N/A       22%         3
 Dazzling Flash           Conj/Hex       10%        N/A       36%         3


Dungeon Overview and Level Annotations

Branches:
Dungeon (2/15)

Altars:


Innate Abilities, Weirdness & Mutations

You are immune to sickness and miasma.
Your stone body is resilient. (AC +2)
You are immune to poison.
You resist negative energy. (rN+)
You are resistant to electric shocks. (rElec)
You are resistant to unholy torment.
You are immune to petrification.


Message History

The jackal barks! x2; You hear a bark!
A jackal comes into view. x2
Your Throwing skill increases to level 1!
There is a stone staircase leading up here.
You barely miss the jackal.
The jackal barks!
The jackal bites you but does no damage.
The jackal bites you.
The jackal bites you but does no damage.
The jackal bites you but does no damage.
You climb upwards.
There is a stone staircase leading down here.
Unknown command.
The jackal closely misses you.
The jackal bites you but does no damage.
The jackal bites you but does no damage.
You closely miss the jackal. The jackal barely misses you.
The jackal bites you but does no damage.
You barely miss the jackal. The jackal closely misses you.
You closely miss the jackal. The jackal bites you.
The jackal bites you but does no damage.
You hit the jackal but do no damage. The jackal bites you.
You hit the jackal.
The jackal is heavily wounded.
The jackal bites you. The jackal closely misses you.
You closely miss the jackal.
The jackal is heavily wounded.
The jackal bites you. The jackal barely misses you.
You miss the jackal.
The jackal is heavily wounded.
The jackal bites you.
You are too injured to fight recklessly!
You hit the jackal.
You kill the jackal!
You miss the jackal. The jackal closely misses you. The jackal bites you.
* * * LOW HITPOINT WARNING * * *
You closely miss the jackal. The jackal bites you.
* * * LOW HITPOINT WARNING * * *
You closely miss the jackal. The jackal bites you.
You die...

#.###### #......#
######.###.## #......# #.#
#.###### #.# #.# #.# #######
#.########†# #.....#
#.......##.######....)######
#.......'..@h>........'.....
##......##.##.###.....######
#......##.##.# #...........
###'#####.##.# #...##......
#........#.###...##......
#######..#...'...+.......
#..#####...##......
###########..##.)....##......
##........##..##.#....##......


You could see a jackal.

Vanquished Creatures
  5 ball pythons (D:1)
  2 endoplasms (D:1)
  5 goblins
  A jackal (D:1)
  A quokka (D:1)
  A bat (D:1)
  A frilled lizard (D:1)
  3 kobolds (D:1)
19 creatures vanquished.

Notes
Turn   | Place    | Note
-------+----------+-------------------------------------------
     0 | D:1      | SnakkuSnakku7 the Gargoyle Enchanter began the quest for
                  | the Orb.
     0 | D:1      | Reached XP level 1. HP: 10/10 MP: 3/3
    57 | D:1      | Reached skill level 1 in Fighting
   328 | D:1      | Reached XP level 2. HP: 16/16 MP: 5/5
  1079 | D:2      | Reached skill level 1 in Throwing
  1096 | D:1      | Slain by a jackal

Illustrated notes

Levels and vault maps discovered:
D:1:      ncdulo_halloftheorcs, layout_basic
D:2:      kennysheep_big_flooded_room, layout_basic, basic_altar,
          chequers_serial_rivers_micro_d, minmay_misc_feat_four_crosses,
          chequers_garden

Skill      XL: |  1  2 |
---------------+-------+-----
Fighting       | 1 2 |  2.1
Throwing       | 1 |  1.0
Short Blades   | |  0.8
Dodging        | |  1.5
Stealth        | |  3.2
Spellcasting   | |  2.0
Hexes          | |  2.6

Action                   || total
-------------------------++-------
Melee: Dagger            ||    10
       Rapier            ||    41
 Stab: Sleeping          ||     4
Armor: Robe              ||    16
Dodge: Dodged            ||    24
